 Dungeon Crawl Stone Soup version 0.30.1-9-gdf580d7c3d (webtiles) character file.

Game seed: 15568520994377648223

1250 Ninjinzu the Reanimator (level 8, -4/53 (54) HPs)
             Began as a Demonspawn Necromancer on Sept 28, 2023.
             Was an Initiate of Gozag.
             Slain by a wight
             ... wielding a +0 morningstar
              (12 damage)
             ... on level 6 of the Dungeon.
             The game lasted 00:30:52 (6962 turns).

Ninjinzu the Reanimator (Demonspawn Necromancer)    Turns: 6962, Time: 00:30:53

HP:   -4/53 (54)    AC:  4    Str:  9    XL:     8   Next: 26%
MP:   9/17          EV: 12    Int: 18    God:    Gozag
Gold: 276           SH:  0    Dex: 14    Spells: 6/19 levels left

rFire   . . .        e - +1 falchion (drain)
rCold   . . .        (no shield)
rNeg    . . .        a - +0 robe
rPois   .            (no helmet)
rElec   .            (no cloak)
rCorr   .            (no gloves)
SInv    .            (no boots)
Will    .....        (no amulet)
Stlth   ++           n - ring of flight
HPRegen 0.28/turn    (no ring)
MPRegen 0.15/turn

%: no passive effects
@: about to teleport, gold aura, flying, lightly drained
A: hooves 1, slimy green scales 1, demonic guardian 1, spiny 1
a: Renounce Religion, Potion Petition, Call Merchant, Bribe Branch


You were on level 6 of the Dungeon.
You worshipped Gozag.
Gozag was aware of your devotion.
You visited 1 branch of the dungeon, and saw 7 of its levels.

You collected 525 gold pieces.
You spent 140 gold pieces at shops.
You paid 109 gold pieces to Gozag.

Inventory:

Hand Weapons
 e - a +1 falchion of draining (weapon)
 f - a +4 war axe of flaming
 j - a +3 dagger of flaming
Armour
 a - a +0 robe (worn)
Jewellery
 n - a ring of flight (left hand)
Scrolls
 h - 3 scrolls of teleportation
 k - 5 scrolls of vulnerability
 l - 4 scrolls of identify
 m - 2 scrolls of poison {unknown}
 o - 2 scrolls of immolation {unknown}
 q - a scroll of blinking {unknown}
 r - a scroll of fog {unknown}
 s - a scroll of acquirement {unknown}
 t - a scroll of enchant armour {unknown}
 u - a scroll of torment {unknown}
 x - a scroll of enchant weapon
Potions
 b - a potion of magic
 c - 2 potions of curing
 d - 3 potions of attraction {unknown}
 g - 2 potions of might {unknown}
 p - a potion of degeneration {unknown}
 v - a potion of berserk rage {unknown}
 w - 2 potions of heal wounds
 z - a potion of flight {unknown}


   Skills:
 + Level 1.2 Fighting
 + Level 1.3 Long Blades
 + Level 2.7 Dodging
 + Level 3.1 Stealth
 + Level 0.2 Unarmed Combat
 + Level 6.2 Spellcasting
 + Level 8.0 Necromancy


You had 6 spell levels left.
You knew the following spells:

 Your Spells              Type           Power      Damage    Failure   Level
a - Necrotise             Necr           100%       1d9       1%          1
b - Agony                 Necr           34%        N/A       12%         5
c - Anguish               Hex/Necr       10%        N/A       22%         4
d - Vampiric Draining     Necr           34%        2d8       1%          3

Your spell library contained the following spells:

 Spells                   Type           Power      Damage    Failure   Level
 Ensorcelled Hibernation  Hex/Ice        10%        N/A       17%         2
 Scorch                   Fire           10%        2d5       19%         2
 Dazzling Flash           Conj/Hex       10%        N/A       34%         3
 Spider Form              Tmut/Pois      5%         N/A       34%         3
 Vhi's Electric Charge    Tloc/Air       10%        N/A       34%         3
 Volatile Blastmotes      Fire/Tloc      10%        2d10      34%         3
 Flame Wave               Conj/Fire      5%         2d5       75%         4
 Iskenderun's Mystic Bla  Conj/Tloc      5%         2d3       75%         4
 Arcjolt                  Conj/Air       2%         1d12      97%         5
 Plasma Beam              Fire/Air       2%         2x1d14    100%        6
 Starburst                Conj/Fire      2%         6d3       100%        6
 Summon Cactus Giant      Summ           2%         N/A       100%        6
 Animate Dead             Necr           Unusable   N/A       N/A         4

Dungeon Overview and Level Annotations

Branches:
Dungeon (7/15)             Temple (0/1) D:6

Altars:
Gozag
Hepliaklqana
Uskayaw

Shops:
D:4 [   D:5 !

Annotations:
D:4 lonewolfV2's ghost, novice FoFi


Innate Abilities, Weirdness & Mutations

You have large cloven feet.
You are partially covered in slimy green scales. (AC +2)
A weak demonic guardian rushes to your aid.
You are partially covered in sharp spines.


Message History

The spell is quite dangerous to miscast (22% risk of failure)!
Continue anyway?
Uppercase [Y]es or [N]o only, please.
The spell is quite dangerous to miscast (22% risk of failure)!
Continue anyway?
Casting: Anguish (quite dangerous; 22% risk of failure)
Press: ? - help, Dir - look around, f - activate The wight is haunted by guilt!
Aiming: Necrotise (safe; 1% risk of failure)
Press: ? - help, Q - select action, (/) - cycle Shift-Dir - straight line, f - wight
Aim: a wight, wielding a +5 long sword and wearing a +0 robe (anguished, not susceptible)
The wight is unaffected.
The wight is struck by your spines.
The wight hits you with a +5 long sword!
The wight is wracked by anguish!
The wight is destroyed!
Your Necromancy skill increases to level 8!
Casting: Necrotise (safe; 1% risk of failure)
Confirm with . or Enter, or press ? or * to list all spells.
The spell is quite dangerous to miscast (22% risk of failure)!
Continue anyway?
Casting: Anguish (quite dangerous; 22% risk of failure)
Press: ? - help, Dir - look around, f - activate The wight is haunted by guilt!
The wight resists with almost no effort.
Aiming: Necrotise (safe; 1% risk of failure)
Press: ? - help, Q - select action, (/) - cycle Shift-Dir - straight line, f - wight
Aim: a wight, wielding a +0 morningstar and wearing a +0 robe (not susceptible)
The wight is unaffected.
The wight attacks as you move away!
The wight hits you with a +0 morningstar!
The wight attacks as you move away!
The wight hits you with a +0 morningstar!
The wight attacks as you move away! The wight is struck by your spines.
The wight hits you with a +0 morningstar!
* * * LOW HITPOINT WARNING * * *
You feel drained.
* * * LOW HITPOINT WARNING * * *
As you read the scroll of teleportation, it crumbles to dust.
You feel strangely unstable.
The wight hits you with a +0 morningstar!
You die...
Your body crumbles into a pile of gold.

## #.##.##.# #...# #
.# ####.##.##.# #...#
# .# #..........#
###.# . 5###
#.###.#.#### #.# #
...# #.###.#.# ###.#
...####.#.....# ..
o##'.<......#######.#
#..####....>####....#
#..####.##...z.z@#
#..#....##.#####.#
'..'.#####.# #.#
#..#.# #z# ..# #..#.#
#.# #.# #..#.# #.#
#.# '##'.# #.. ..#
...### ### ### ...#


You could see 2 wights.

Vanquished Creatures
  Eustachio (D:6)
  A steam dragon (D:5)
  An ice beast (D:6)
  A kobold brigand (D:6)
  A scorpion (D:4)
  The ghost of Frenzy the Covered, a weakling MeFi of Makhleb (D:4)
  A howler monkey (D:6)
  A crimson imp (D:5)
  4 hounds
  An orc priest (D:5)
  2 orc wizards
  3 iguanas
  5 gnolls
  7 adders
  A shadow imp (D:6)
  4 white imps
  2 ufetubi (D:5)
  3 worms
  5 dart slugs
  11 orcs
  3 ball pythons
  12 endoplasms
  4 giant cockroaches
  8 goblins
  8 hobgoblins
  6 jackals
  8 quokkas
  7 bats
  5 frilled lizards
  10 kobolds
  6 rats
133 creatures vanquished.

Vanquished Creatures (collateral kills)
  2 gnolls
  2 orcs
  A ball python (D:1)
  2 endoplasms (D:4)
  A kobold (D:3)
  A rat (D:2)
  A spectral goblin (D:6)
10 creatures vanquished.

Vanquished Creatures (others)
  A wight (D:6)
1 creature vanquished.

Grand Total: 144 creatures vanquished

Notes
Turn   | Place    | Note
-------+----------+-------------------------------------------
     0 | D:1      | Ninjinzu the Demonspawn Necromancer began the quest for the
                  | Orb.
     0 | D:1      | Reached XP level 1. HP: 13/13 MP: 3/3
   186 | D:1      | Gained mutation: You are partially covered in sharp spines.
                  | [demonic ancestry]
   186 | D:1      | Reached XP level 2. HP: 19/19 MP: 3/5
   615 | D:1      | Reached skill level 5 in Necromancy
  1019 | D:1      | Reached XP level 3. HP: 24/24 MP: 3/6
  2030 | D:2      | Gained mutation: A weak demonic guardian rushes to your
                  | aid. [demonic ancestry]
  2030 | D:2      | Reached XP level 4. HP: 30/30 MP: 1/8
  2625 | D:2      | HP: 2/46 [poisoned by a kobold]
  2779 | D:3      | Reached XP level 5. HP: 29/36 MP: 1/9
  3113 | D:3      | Reached skill level 6 in Necromancy
  3776 | D:4      | Found Kafaonif's Armour Shop.
  3854 | D:4      | Reached XP level 6. HP: 42/42 MP: 6/12
  4245 | D:4      | Found a runed translucent gate.
  4245 | D:4      | Found a runed translucent gate.
  4248 | D:4      | Found a runed translucent gate.
  4250 | D:4      | Noticed lonewolfV2's ghost (novice FoFi)
  4250 | D:4      | Noticed Frenzy's ghost (weakling MeFi)
  4275 | D:4      | HP: 1/42 [Frenzy's ghost (12)]
  4281 | D:4      | Killed Frenzy's ghost
  4358 | D:4      | Found a hide-covered altar of Uskayaw.
  4358 | D:4      | Noticed a +0 spear
  4358 | D:4      | Noticed a +0 dagger
  4358 | D:4      | Noticed a +0 dagger
  4358 | D:4      | Noticed a +0 spear
  4358 | D:4      | Noticed a +0 short sword
  4358 | D:4      | Noticed a +0 short sword
  4359 | D:4      | Noticed a +0 falchion
  4360 | D:4      | Noticed a +0 falchion
  4813 | D:4      | Reached skill level 1 in Fighting
  5071 | D:5      | Entered Level 5 of the Dungeon
  5157 | D:5      | Gained mutation: You have large cloven feet. [demonic
                  | ancestry]
  5157 | D:5      | Reached XP level 7. HP: 48/48 MP: 9/14
  5285 | D:5      | Found an opulent altar of Gozag.
  5314 | D:5      | Became a worshipper of Gozag Ym Sagoz the Greedy
  5390 | D:5      | Reached skill level 5 in Spellcasting
  5579 | D:5      | Noticed a steam dragon
  5590 | D:5      | Killed a steam dragon
  5591 | D:5      | Reached skill level 7 in Necromancy
  6145 | D:5      | Reached skill level 1 in Long Blades
  6156 | D:5      | Found Worais's Distillery.
  6161 | D:5      | Bought a potion of heal wounds for 70 gold pieces
  6161 | D:5      | Bought a potion of heal wounds for 70 gold pieces
  6387 | D:6      | Gained mutation: You are partially covered in slimy green
                  | scales. (AC +2) [demonic ancestry]
  6387 | D:6      | Reached XP level 8. HP: 54/54 MP: 10/16
  6516 | D:6      | Found a hazy altar of Hepliaklqana.
  6516 | D:6      | Noticed Eustachio
  6784 | D:6      | Killed Eustachio
  6873 | D:6      | Found a staircase to the Ecumenical Temple.
  6935 | D:6      | Learned a level 5 spell: Agony
  6940 | D:6      | Learned a level 4 spell: Anguish
  6944 | D:6      | Learned a level 3 spell: Vampiric Draining
  6953 | D:6      | Reached skill level 8 in Necromancy
  6962 | D:6      | Slain by a wight

Illustrated notes

Levels and vault maps discovered:
D:1:      minmay_arrival_stone_box, layout_loops_cross
D:2:      layout_basic
D:3:      layout_rooms, minmay_bisected
D:4:      layout_loops_ring, nicolae_uskayaw_en_pointe,
          gammafunk_ghost_cemetery, serial_shops, nicolae_stop_n_shop_2,
          moated_statue, st_stairs_3, minmay_increasing_density
D:5:      layout_basic, grunt_gozag_breadcrumbs, serial_shops, shop,
          minmay_fire_ice_demons
D:6:      layout_loops_cross, mainiacjoe_overflow_24_doors,
          kennysheep_little_box, nicolae_hepliaklqana_monster_ancestors,
          amcnicky_altar_gilded, temple_doors_cd, cheibrodos_sewer_entry_bend,
          nicolae_ossuary_entry_ruins, uniq_eustachio, uniq_maggie
D:7:      layout_cave_pools, tso_altar, serial_shops, shop, grunt_decor_junction

Skill      XL: |  1  2  3  4  5  6  7  8 |
---------------+-------------------------+-----
Necromancy     | 5 6 7 8 |  8.0
Stealth        | 2 3 |  3.1
Spellcasting   | 3 4 5 6 |  6.2
Dodging        | 2 |  2.7
Fighting       | 1 |  1.2
Long Blades    | 1 |  1.3
Unarmed Combat | |  0.2

Action                     |  1- 3 |  4- 6 |  7- 9 || total
---------------------------+-------+-------+-------++-------
  Melee: Unarmed           |    12 |       |       ||    12
         Dagger            |       |     1 |       ||     1
         Falchion          |       |    20 |    37 ||    57
         Kick              |       |       |    11 ||    11
   Cast: Necrotise         |    98 |   134 |    72 ||   304
         Anguish           |       |       |     2 ||     2
    Use: Scroll            |       |     7 |     2 ||     9
         Potion            |       |     4 |     1 ||     5
   Stab: Distracted        |       |       |     1 ||     1
 Armour: Robe              |       |    10 |    12 ||    22
  Dodge: Dodged            |    10 |    36 |    56 ||   102
